 Dungeon Crawl Stone Soup version 0.28-a0-674-gdaf460b524 (webtiles) character file.

Game seed: 17387591008357233675

76 porpoise the Conjurer (level 4, -8/23 (24) HPs)
             Began as a Deep Elf Conjurer on Oct 18, 2021.
             Mangled by Crazy Yiuf (12 damage)
             ... on level 2 of the Dungeon.
             The game lasted 00:04:20 (1800 turns).

porpoise the Conjurer (Deep Elf Conjurer)           Turns: 1800, Time: 00:04:22

HP:   -8/23 (24)    AC:  2    Str:  4    XL:     4   Next: 12%
MP:   7/12          EV: 12    Int: 24    God:
Gold: 21            SH:  0    Dex: 13    Spells: 9/12 levels left

rFire   . . .      SeeInvis .   (no weapon)
rCold   . . .      Faith    .   (no shield)
rNeg    . . .      Spirit   .   a - +0 robe
rPois   .          Reflect  .   (no helmet)
rElec   .          Harm     .   e - scarf {repulsion}
rCorr   .          Rampage  .   (no gloves)
Will    .....                   (no boots)
Stlth   ++........              (no amulet)
HPRegen 0.07/turn               (no ring)
MPRegen 0.13/turn               (no ring)

@: lethally poisoned (-8 -> -22), lightly drained, repel missiles
A: no striking features
a: no special abilities


You were on level 2 of the Dungeon.
You visited 1 branch of the dungeon, and saw 2 of its levels.

You collected 75 gold pieces.
You spent 54 gold pieces at shops.

Inventory:

Missiles
 b - 115 stones
Armour
 a - a +0 robe (worn)
 e - a scarf of repulsion (worn)
 f - a +3 leather armour
Scrolls
 c - 3 scrolls of teleportation {unknown}
 d - a scroll of vulnerability {unknown}
Potions
 g - a potion of heal wounds {unknown}
 h - a potion of mutation {unknown}
 i - 2 potions of attraction {unknown}
 j - a potion of cancellation {unknown}
 k - a potion of berserk rage {unknown}
 l - a potion of haste {unknown}


   Skills:
 - Level 2.4 Dodging
 - Level 2.4 Stealth
 + Level 4.7 Spellcasting
 + Level 5.4 Conjurations


You had 9 spell levels left.
You knew the following spells:

 Your Spells              Type           Power      Damage    Failure   Level
a - Magic Dart            Conj           100%       1d8       1%          1
b - Searing Ray           Conj           62%        2d6       1%          2

Your spell library contained the following spells:

 Spells                   Type           Power      Damage    Failure   Level
 Dazzling Flash           Conj/Hex       36%        N/A       9%          3
 Fulminant Prism          Conj/Hex       9%         3d7       30%         4
 Iskenderun's Mystic Bla  Conj/Tloc      18%        2d6       30%         4


Dungeon Overview and Level Annotations

Branches:
Dungeon (2/15)

Altars:

Shops:
D:2 *

Annotations:
D:2 Crazy Yiuf


Message History

You kill the ball python!
There is an entrance to Teurar Geiso's Assorted Antiques here.
A hobgoblin comes into view.
Casting: Magic Dart (safe; 1% risk of failure)
Confirm with . or Enter, or press ? or * to list all spells.
Aiming: Magic Dart (safe; 1% risk of failure)
Press: ? - help, Shift-Dir - straight line, f - hobgoblin
Aim: a hobgoblin (asleep, 100% to hit)
The magic dart hits the hobgoblin.
You kill the hobgoblin!
b - 115 stones (gained 18) Crazy Yiuf shouts!
You open the door.
Casting: Magic Dart (safe; 1% risk of failure)
Confirm with . or Enter, or press ? or * to list all spells.
Aiming: Searing Ray (safe; 1% risk of failure)
Press: ? - help, Shift-Dir - straight line, f - Crazy Yiuf
Aim: Crazy Yiuf, wielding a +2 quarterstaff of chaos and wearing a +2 cloak (82% to hit)
The searing ray hits Crazy Yiuf.
Crazy Yiuf is moderately wounded. (Press . to maintain the ray.) Crazy Yiuf whimpers, "Prologue hog canine!"
Crazy Yiuf barely misses you.
The searing ray hits Crazy Yiuf.
Crazy Yiuf is heavily wounded.
Crazy Yiuf hits you with a +2 quarterstaff of chaos!
You feel drained.
The searing ray hits Crazy Yiuf.
Crazy Yiuf is severely wounded.
Crazy Yiuf waves his quarterstaff at you.
Crazy Yiuf hits you with a +2 quarterstaff of chaos!
You are lethally poisoned!
The searing ray hits Crazy Yiuf.
Crazy Yiuf is almost dead.
You finish channelling your searing ray.
* * * LOW HITPOINT WARNING * * *
You feel very sick.
Crazy Yiuf hits you with a +2 quarterstaff of chaos!
Ouch! That really hurt!
You die...

##.........####....###...........
#..........# #....# #.........†.
#..........# ♣....♣ #...........
#..........# ♣♣...♣ #........>..
#).[.......# ♣♣.♣♣ #......#....
#..........# ♣♣.♣ #.....####.#
##........## ♣.♣♣ ####.####..#
##......#.# ♣♣.♣ #..###..##
###......# ♣@♣♣ #...♣...#
###...###.## #g# ##.♣.∩.♣.#
....####..# ... ##..#.♣..)#
.........## #...# #..##.....#
...####### #)..# #######...# ..##
##### #######...## ..#
#........... ..# #######...## ..#
#...#


You could see Crazy Yiuf.

Vanquished Creatures
  A gnoll (D:1)
  3 adders (D:2)
  A ball python (D:2)
  2 bats
  4 endoplasms
  7 giant cockroaches (D:2)
  4 hobgoblins (D:2)
  A quokka (D:1)
  3 frilled lizards
  5 goblins (D:2)
  A kobold (D:1)
  3 rats
35 creatures vanquished.

Notes
Turn   | Place    | Note
-------+----------+-------------------------------------------
     0 | D:1      | porpoise the Deep Elf Conjurer began the quest for the Orb.
     0 | D:1      | Reached XP level 1. HP: 10/10 MP: 6/6
    70 | D:1      | Found a faded altar of an unknown god.
    86 | D:1      | Reached XP level 2. HP: 15/15 MP: 3/8
   620 | D:1      | Learned a level 2 spell: Searing Ray
   903 | D:2      | Reached skill level 5 in Conjurations
   903 | D:2      | Reached XP level 3. HP: 19/19 MP: 3/10
  1555 | D:2      | Reached XP level 4. HP: 24/24 MP: 10/12
  1644 | D:2      | Found a runed translucent door.
  1645 | D:2      | Noticed Crazy Yiuf
  1666 | D:2      | Found Teurar Geiso's Assorted Antiques.
  1688 | D:2      | Bought a fizzy yellow potion for 27 gold pieces
  1688 | D:2      | Bought a puce potion for 27 gold pieces
  1800 | D:2      | Mangled by Crazy Yiuf

Illustrated notes

Levels and vault maps discovered:
D:1:      dpeg_arrival_signposts, layout_basic,
          dreamdust_ecumenical_altar_angels_and_demons
D:2:      layout_rooms, serial_shops, nicolae_shop_trees,
          minmay_worlds_worst_comb, uniq_crazy_yiuf_cottage

Skill      XL: |  1  2 |
---------------+-------+-----
Spellcasting   | 4 |  4.7
Conjurations   | 5 |  5.4
Dodging        | |  2.4
Stealth        | |  2.4

Action                   |  1- 3 |  4- 6 || total
-------------------------+-------+-------++-------
 Cast: Magic Dart        |    42 |     7 ||    49
       Searing Ray       |     6 |     1 ||     7
Dodge: Dodged            |     1 |     1 ||     2

Table legend: (Time is in decaauts)
 A = Elapsed time spent in this place.
 B = Non-inter-level travel time spent in this place.
 C = Inter-level travel time spent in this place.
 D = Time resting spent in this place.
 E = Time spent auto-exploring this place.
 F = Levels seen in this place.
 G = Mean time per level.
                   A        B        C        D        E       F      G
               +--------+--------+--------+--------+--------+-----+--------+
         Total |   1799 |   1767 |     32 |    690 |    855 |   2 |  899.5 |
       Dungeon |   1799 |   1767 |     32 |    690 |    855 |   2 |  899.5 |
               +--------+--------+--------+--------+--------+-----+--------+

Top non-repeatable levels by time:
     D:2: 900 daAuts
     D:1: 899 daAuts
